 Dungeon Crawl Stone Soup version 0.17-a0-1804-gf6433eb (webtiles) character file.

666 shakdrar the Shield-Bearer (level 7, -1/53 HPs)
             Began as a Demonspawn Fighter on Sept 11, 2015.
             Slain by an ogre
             ... wielding a +0 giant club
              (9 damage)
             ... on level 4 of the Dungeon.
             The game lasted 00:16:55 (3763 turns).

shakdrar the Shield-Bearer (Demonspawn Fighter)     Turns: 3763, Time: 00:16:56

Health: -1/53      AC: 13    Str: 18    XL:     7   Next: 31%
Magic:  7/7        EV:  5    Int:  9    God:
Gold:   219        SH: 10    Dex: 13    Spells: 0 memorised, 6 levels left

rFire  . . .     SeeInvis .     a - +1 long sword
rCold  . . .     Clarity  .     q - +0 chain mail
rNeg   . . .     SustAt   .     c - +0 shield
rPois  .         Gourm    .     o - +0 helmet
rElec  .         Spirit   .     i - +0 cloak
rCorr  .         Warding  .     (no gloves)
rMut   .         Stasis   .     (no boots)
MR     .....                    (no amulet)
Stlth  ..........               (no ring)
                                (no ring)

@: not resistant to hostile enchantments, extremely unstealthy
A: talons 1, rugged brown scales 1, powered by death 1, powered by pain 1
a: no special abilities


You were on level 4 of the Dungeon.
You were not hungry.

You visited 1 branch of the dungeon, and saw 4 of its levels.

You collected 219 gold pieces.

Inventory:

Hand weapons
 a - a +1 long sword (weapon)
 m - a +2 trident of protection
Missiles
 l - 10 poisoned needles
Armour
 b - a +0 scale mail
 c - a +0 shield (worn)
 i - a +0 cloak (worn)
 o - a +0 helmet (worn)
 q - a +0 chain mail (worn)
Scrolls
 g - 5 scrolls of identify
 h - 2 scrolls of teleportation
 j - a scroll of fog
 r - a scroll of remove curse
 s - a scroll of fear
Potions
 d - a potion of might
 n - a potion of haste
Comestibles
 e - 2 bread rations
 f - a slice of pizza
 k - 2 meat rations
 p - 5 fruits


   Skills:
 - Level 3.0 Fighting
 - Level 3.0 Long Blades
 + Level 5.5 Armour
 + Level 5.5 Shields


You had 6 spell levels left.
You didn't know any spells.

Dungeon Overview and Level Annotations

Branches:
Dungeon (4/15)
 Temple: D:4-7

Altars:
Dithmenos
Makhleb
Vehumet
Zin

Annotations:
D:4 Loris's ghost, experienced MfTm


Innate Abilities, Weirdness & Mutations

You have sharp toenails.
You are partially covered in rugged brown scales (AC +1, +3% HP).
You regenerate a little health from kills.
You sometimes gain a little power by taking damage.


Message History

You see here a scroll of fear.
s - a scroll of fear An ogre is nearby!
You block the ogre's attack.
Your chain mail prevents you from hitting the ogre.
The ogre hits you with a giant club.
You slash the ogre!
The ogre is moderately wounded.
The ogre hits you with a giant club!!
You completely miss the ogre.
The ogre is moderately wounded.
The ogre barely misses you.
You hit the ogre but do no damage.
The ogre is moderately wounded.
The ogre hits you with a giant club!!
* * * LOW HITPOINT WARNING * * *
You slash the ogre! You claw the ogre, but do no damage.
The ogre is severely wounded.
The ogre hits you with a giant club!
You die...

.. #. ########## #..
#........##..#
#........#..#
#..........# #...>.....##
#.....O....# #....@...#
#......### ######
#.....## ##....# .#
##....## ###.....#
....###.....# ##.......#
#..........## ##........#
#...#.....#####.........#
#..###...###..(..)....##
#..###.(.#....>......#


You could see an ogre.

Vanquished Creatures
  Grinder (D:3)
  An ogre (D:4)
  A crimson imp (D:3)
  2 orc priests
  Ijyb (D:3)
  A centaur skeleton (D:4)
  An iguana (D:4)
  Robin (D:4)
  3 gnolls (D:3)
  3 adders
  An adder skeleton (D:3)
  A worm (D:3)
  15 orcs
  2 ball pythons
  11 bats
  6 giant cockroaches
  19 goblins
  22 hobgoblins
  13 jackals
  A quokka (D:2)
  3 giant geckos
  4 giant newts
  6 kobolds
  10 rats
129 creatures vanquished.

Vanquished Creatures (others)
  A goblin (D:4)
  A rat (D:3)
2 creatures vanquished.

Grand Total: 131 creatures vanquished

Notes
Turn   | Place    | Note
--------------------------------------------------------------
     0 | D:1      | shakdrar the Demonspawn Fighter began the quest for the Orb.
     0 | D:1      | Reached XP level 1. HP: 18/18 MP: 1/1
    89 | D:1      | Gained mutation: You sometimes gain a little power by taking damage. [demonic ancestry]
    89 | D:1      | Reached XP level 2. HP: 16/24 MP: 2/2
   565 | D:1      | Gained mutation: You are partially covered in rugged brown scales (AC +1, +3% HP). [demonic ancestry]
   565 | D:1      | Reached XP level 3. HP: 22/29 MP: 3/3
  1109 | D:2      | Gained mutation: Your magical capacity is low (-10% MP). [potion of mutation]
  1109 | D:2      | Gained mutation: You are agile. (Dex +2) [potion of mutation]
  1130 | D:2      | Gained mutation: You have sharp toenails. [demonic ancestry]
  1130 | D:2      | Reached XP level 4. HP: 34/36 MP: 3/3
  1337 | D:2      | Found a glowing silver altar of Zin.
  1920 | D:3      | Found a radiant altar of Vehumet.
  2031 | D:3      | Lost mutation: You are agile. (Dex +2) [potion of cure mutation]
  2031 | D:3      | Lost mutation: Your magical capacity is low (-10% MP). [potion of cure mutation]
  2084 | D:3      | Reached XP level 5. HP: 22/42 MP: 5/5
  2374 | D:3      | Reached skill level 4 in Armour
  2648 | D:3      | Noticed Grinder
  2656 | D:3      | Paralysed by Grinder for 7 turns
  2683 | D:3      | Killed Grinder
  2683 | D:3      | Reached XP level 6. HP: 41/48 MP: 6/6
  2737 | D:3      | Found a burning altar of Makhleb.
  2756 | D:3      | Noticed Ijyb
  2781 | D:3      | Killed Ijyb
  2781 | D:3      | Reached skill level 5 in Armour
  2781 | D:3      | Reached skill level 5 in Shields
  3079 | D:4      | Found a shadowy altar of Dithmenos.
  3090 | D:4      | Noticed Robin
  3134 | D:4      | Killed Robin
  3150 | D:4      | Gained mutation: You regenerate a little health from kills. [demonic ancestry]
  3150 | D:4      | Reached XP level 7. HP: 45/53 MP: 7/7
  3378 | D:4      | Noticed Loris's ghost (experienced MfTm)
  3763 | D:4      | Slain by an ogre

Vault maps used:
D:1:      dpeg_arrival_chambers_temple_mockup, st_stairs_11
D:2:      zin_treasury, serial_co_window_serial, co_window_corner_a,
          co_window_paths_b, co_window_corner_a, co_window_paths_a,
          co_window_corner_a, co_window_broadway_c, co_window_cross_3,
          co_window_2corner, co_window_broadway_c, co_window_4corner_b,
          glass_columns_a, minmay_stone_trees_small
D:3:      fiery_altar_vehumet, bloody_makhleb, st_stairs_12, uniq_iyjb,
          uniq_grinder
D:4:      nicolae_dithmenos_shadow_blocks, first_bread, grunt_ministairs_15,
          uniq_robin

Action                   |  1- 3 |  4- 6 |  7- 9 || total
-------------------------+-------+-------+-------++-------
Melee: Long sword        |   206 |   253 |    67 ||   526
  Use: Scroll            |     3 |     5 |       ||     8
       Potion            |     2 |     3 |     1 ||     6
  Eat: Chunk             |     1 |       |       ||     1
       Meat ration       |       |     1 |       ||     1
       Bread ration      |       |     1 |     1 ||     2
